 Dungeon Crawl Stone Soup version 0.26.0-16-gc1dbca0489 (webtiles) character file.

Game seed: 15254046317179289236

6680 EnegeticOcto the Frost Mage (level 11, -8/80 HPs)
             Began as a Formicid Ice Elementalist on Jan 21, 2021.
             Was a High Priest of Vehumet.
             Hit by a large rock thrown by a cyclops (43 damage)
             ... on level 11 of the Dungeon.
             The game lasted 00:42:16 (4635 turns).

EnegeticOcto the Frost Mage (FoIE)                  Turns: 4635, Time: 00:42:16

Health: -8/80      AC:  6    Str:  8    XL:     11   Next: 23%
Magic:  1/21       EV: 13    Int: 19    God:    Vehumet [*****.]
Gold:   708        SH:  4    Dex: 11    Spells: 11/23 levels left

rFire    + . .     SeeInvis +   a - +3 dagger (elec)
rCold    + . .     Faith    .   o - +0 buckler
rNeg     . . .     Spirit   .   F - +0 robe {rC+ rF+}
rPois    .         Reflect  .   (helmet unavailable)
rElec    .         Harm     .   w - +2 cloak
rCorr    .         Rampage  .   (no gloves)
Will     +....                  h - +0 pair of boots
Stlth    ++........             (no amulet)
HPRegen  0.23/turn              G - ring of teleportation (curse)
MPRegen  0.17/turn              I - -4 ring of strength (curse)

@: frozen ramparts
A: permanent stasis, dig shafts and tunnels, four strong arms, antennae 3
a: Dig, Shaft Self, Renounce Religion


You were on level 11 of the Dungeon.
You worshipped Vehumet.
Vehumet was extremely pleased with you.
You visited 2 branches of the dungeon, and saw 12 of its levels.
You also visited: Ossuary and Bailey.

You collected 708 gold pieces.

Inventory:

Hand Weapons
 a - a +3 dagger of electrocution (weapon)
   (You took it off a kobold on level 2 of the Dungeon)
 b - a +0 battleaxe
   (You took it off an orc warrior in a bailey)
Missiles
 x - 5 curare-tipped darts (quivered)
Armour
 h - a +0 pair of boots (worn)
   (You found it on level 1 of the Dungeon)
 j - a +0 robe
 m - a scarf of repulsion
   (You found it on level 4 of the Dungeon)
 o - a +0 buckler (worn)
   (You found it on level 3 of the Dungeon)
 w - a +2 cloak (worn)
   (You found it on level 5 of the Dungeon)
 C - a +0 leather armour
   (You found it on level 7 of the Dungeon)
 F - a +0 robe of resistance (worn)
   (You took it off a wight on level 6 of the Dungeon)
Magical Staves
 r - an uncursed staff of fire
   (You found it on level 4 of the Dungeon)
Jewellery
 d - an uncursed ring of poison resistance
   (You found it on level 1 of the Dungeon)
 k - an uncursed ring of fire
   (You found it on level 2 of the Dungeon)
 l - the ring "Pounuobint" {rElec rF+ Dex+4}
   (You took it off a kobold in a bailey)

   [ring of protection from fire]

   It affects your dexterity (+4).
   It protects you from fire.
   It insulates you from electricity.
 p - an uncursed ring of resist corrosion
   (You found it on level 1 of the Dungeon)
 q - a +6 ring of intelligence
   (You found it on level 3 of the Dungeon)
 t - an uncursed ring of protection from cold
   (You found it on level 4 of the Dungeon)
 G - a cursed ring of teleportation (left hand)
   (You found it on level 6 of the Dungeon)
 I - a cursed -4 ring of strength (right hand)
   (You found it on level 9 of the Dungeon)
Wands
 u - a wand of polymorph (9)
   (You took it off Ijyb on level 5 of the Dungeon)
 B - a wand of flame (9) {@v4}
   (You found it on level 7 of the Dungeon)
Scrolls
 f - 3 scrolls of teleportation {@r3 !r}
 y - 4 scrolls of identify {@r1}
 z - a scroll of acquirement
 A - 2 scrolls of amnesia
 J - 2 scrolls of enchant armour
Potions
 c - 2 potions of resistance {unknown}
 i - a potion of flight
 n - a potion of lignification {@q6}
 v - 2 potions of berserk rage
 D - 3 potions of curing {@q1 !q}
 E - 3 potions of might {@q3 !q}
 H - a potion of attraction


   Skills:
 + Level 5.4 Fighting
 + Level 3.5 Armour
 + Level 3.5 Dodging
 - Level 2.4 Stealth
 - Level 2.4 Shields
 + Level 6.9 Spellcasting
 - Level 4.0 Conjurations
 - Level 6.0 Summonings
 * Level 2.1 Translocations
 - Level 10.3 Ice Magic
 - Level 4.0 Evocations


You had 11 spell levels left.
You knew the following spells:

 Your Spells              Type           Power        Failure   Level
a - Hailstorm             Conj/Ice       33%          1%          4
b - Frozen Ramparts       Ice            90%          1%          3
c - Summon Ice Beast      Ice/Summ       37%          3%          4
z - Apportation           Tloc           28%          4%          1

Your spell library contained the following spells:

 Spells                   Type           Power        Failure   Level
 Sticky Flame             Conj/Fire      14%          12%         4
 Freeze                   Ice            100%         1%          1
 Shock                    Conj/Air       56%          1%          1
 Summon Small Mammal      Summ           100%         1%          1
 Ozocubu's Armour         Ice            45%          1%          3
 Static Discharge         Conj/Air       14%          4%          3
 Animate Skeleton         Necr           12%          11%         1
 Corona                   Hex            6%           11%         1
 Airstrike                Air            3%           26%         4
 Lightning Bolt           Conj/Air       7%           30%         5
 Swiftness                Air            Unusable     N/A         2

Dungeon Overview and Level Annotations

Branches:
Dungeon (11/15)            Temple (1/1) D:4         Ossuary (visited)
 Bailey (visited)
   Lair: D:8-11         Orc: D:9-12

Altars:
Ashenzari
Cheibriados
Dithmenos
Hepliaklqana
Makhleb
Nemelex Xobeh
Okawaru
Ru
Sif Muna
Trog
Vehumet
Xom
Yredelemnul
The Shining One

Shops:
D:7 }

Annotations:
D:5 1 runed translucent door, Crazy Yiuf


Innate Abilities, Weirdness & Mutations

You cannot be hasted, slowed, berserked, paralysed or teleported.
You can dig through walls and to a lower floor.
Your four strong arms can wield two-handed weapons with a shield.
You have a pair of large antennae on your head. (SInv)


Message History

You hit the yak.
The wall freezes the yak. x2; The yak gores you!
Your ice beast hits the yak.
Your ice beast freezes the yak!
The yak dies!
Vehumet accepts your kill. You block the yak's attack.
The wall freezes the yak!
Your ice beast hits the yak.
Your ice beast freezes the yak!
The yak gores your ice beast!
Your life force feels restored.
Your Translocations skill increases to level 1!
You barely miss the yak.
The yak is severely wounded.
You hit the yak.
The wall freezes the yak!
The yak gores you but does no damage.
Your ice beast hits the yak but does no damage.
The yak closely misses you.
The wall freezes the yak!
You kill the yak!
Vehumet accepts your kill.
You feel your power returning.
Your ice beast hits the yak.
Your ice beast freezes the yak!
The yak dies!
Vehumet accepts your kill.
The frozen ramparts melt away as you move.
Things that are here:
a yak corpse; a yak corpse A cyclops comes into view.
A purple ugly thing comes into view.
The cyclops throws a large rock.
The large rock hits you!
You see here a large rock.
You swap places.
Things that are here:
a yak corpse; a yak corpse You extend your mandibles.
You dig through the rock wall.
You retract your mandibles.
Something trunk-slaps your ice beast!!
Your ice beast closely misses the purple ugly thing.
Unknown command.
Casting: Summon Ice Beast (dangerous; 3% risk of failure)
Confirm with . or Enter, or press ? or * to list all spells.
A chill wind blows around you.
The purple ugly thing trunk-slaps your ice beast!
Your ice beast dies!
You swap places.
Your ice beast closely misses the purple ugly thing.
The purple ugly thing trunk-slaps your ice beast!!
Casting: Summon Ice Beast (dangerous; 3% risk of failure)
Confirm with . or Enter, or press ? or * to list all spells.
Casting: Hailstorm (dangerous; 1% risk of failure)
Press: ? - help, Dir - look around, f - activate A cannonade of hail descends around you!
The hail pelts the purple ugly thing!!
The purple ugly thing is moderately wounded.
Your ice beast hits the purple ugly thing but does no damage.
The purple ugly thing trunk-slaps your ice beast!
Casting: Hailstorm (dangerous; 1% risk of failure)
Confirm with . or Enter, or press ? or * to list all spells.
Casting: Frozen Ramparts (safe; 1% risk of failure)
Press: ? - help, Dir - look around, f - activate The walls around you are covered in ice.
Your ice beast closely misses the purple ugly thing.
The wall freezes the purple ugly thing.
The purple ugly thing closely misses your ice beast.
Your ice beast hits the purple ugly thing.
Your ice beast freezes the purple ugly thing!
The wall freezes the purple ugly thing!
The purple ugly thing trunk-slaps your ice beast!!
Your ice beast dies!
Evoke which item? (* to show all) (? for menu, Esc to quit)
Okay, then.
Evoke which item? (* to show all) (? for menu, Esc to quit)
Aiming: Throw Flame
Press: ? - help, Shift-Dir - straight line, f - purple ugly thing
Aim: a purple ugly thing (severely wounded, 29% to evade)
The puff of flame hits the purple ugly thing.
The purple ugly thing is severely wounded.
The wall freezes the cyclops!
The wall freezes the purple ugly thing!
You hear the crackle of electricity.
a - a +3 dagger of electrocution (weapon)
The wall freezes the cyclops!
You hit the purple ugly thing.
The purple ugly thing is severely wounded.
The wall freezes the purple ugly thing!
The purple ugly thing closely misses you.
You hit the purple ugly thing but do no damage.
Lightning courses through the purple ugly thing!!
You kill the purple ugly thing!
Vehumet accepts your kill.
The wall freezes the cyclops!
The cyclops throws a large rock.
The large rock hits you!!!
* * * LOW HITPOINT WARNING * * *
Your Translocations skill increases to level 2!
Press: ? - help, v - describe, . - travel
Here: a cyclops, quivering 4 large rocks (severely wounded)
The floor, spattered with blood.
Unknown command.
Okay, then.
Really quaff
s - a potion of heal wounds {@q2 !q}?
You feel much better.
The wall freezes the cyclops!
The cyclops throws a large rock.
The large rock hits you!!!
Ouch! That really hurt!
You die...

# #. .###...
#.###..........
#..@#...........
###.#.[)........
#C#...........
#.#u.......<..
#.#..........
#...†......^.
#.#.†(..#####.
#.####C......#
#.....<.......


You could see a cyclops.

Vanquished Creatures
  2 ugly things
  Grinder (D:3)
  A vampire (D:10)
  A yak (D:11)
  A water moccasin (D:7)
  3 black bears
  A sky beast (D:8)
  4 ogres
  10 orc warriors
  An ice beast (D:7)
  3 big kobolds
  Blork the orc (D:5)
  A scorpion (D:5)
  8 wights
  8 howler monkeys
  A bullfrog zombie (D:7)
  2 human zombies (Ossuary)
  2 quasits
  3 jellies
  3 orc priests
  A bullfrog skeleton (D:8)
  A centaur skeleton (D:7)
  2 hounds
  Jessica (D:3)
  Ijyb (D:5)
  Terence (D:3)
  An iguana (D:4)
  3 orc wizards (D:4)
  6 worker ants
  A big kobold zombie (Ossuary)
  12 adders
  9 gnolls
  2 shadow imps
  A white imp (D:8)
  3 oozes
  2 worms
  2 dart slugs
  19 orcs
  2 giant cockroaches
  A gnoll zombie (Ossuary)
  14 goblins
  7 hobgoblins
  15 jackals
  2 quokkas
  A ball python (D:1)
  7 bats
  5 frilled lizards
  2 goblin zombies (Ossuary)
  2 hobgoblin zombies (Ossuary)
  29 kobolds
  A leopard gecko skeleton (D:4)
  An orc zombie (Ossuary)
  8 rats
222 creatures vanquished.

Vanquished Creatures (collateral kills)
  An ugly thing (D:10)
  The ghost of lasso the Conjurer, a novice OpCj (D:5)
  2 yaks (D:11)
  2 orc warriors (D:7)
  A black bear (D:8)
  An ogre (D:9)
  2 phantoms
  An ice beast (D:5)
  2 elf zombies (Ossuary)
  A big kobold (D:10)
  3 bullfrogs
  A scorpion (D:9)
  4 wights
  A bullfrog zombie (D:6)
  A jelly (D:7)
  2 quasits
  A centaur skeleton (D:8)
  A hound (D:10)
  A bullfrog skeleton (D:9)
  An iguana (D:10)
  An orc wizard (D:8)
  A worker ant (D:8)
  A big kobold zombie (Ossuary)
  A hound skeleton (D:7)
  2 mummies (Ossuary)
  A worker ant zombie (D:7)
  A gnoll (Bailey)
  A shadow imp (D:5)
  A white imp (D:8)
  An ufetubus (D:6)
  A leopard gecko (D:7)
  6 orcs
  A goblin (D:7)
  2 jackals
  4 kobolds
  2 quokkas
  A frilled lizard (D:5)
  2 goblin zombies (Ossuary)
  A leopard gecko skeleton (D:7)
  A quokka zombie (D:10)
62 creatures vanquished.

Grand Total: 284 creatures vanquished

Notes
Turn   | Place    | Note
-------+----------+-------------------------------------------
     0 | D:1      | EnegeticOcto the Formicid Ice Elementalist began the quest
                  | for the Orb.
     0 | D:1      | Reached XP level 1. HP: 13/13 MP: 3/3
    33 | D:1      | Reached XP level 2. HP: 7/19 MP: 0/5
   249 | D:1      | Reached XP level 3. HP: 18/24 MP: 3/6
   268 | D:1      | Learned a level 3 spell: Frozen Ramparts
   382 | D:2      | Reached skill level 5 in Ice Magic
   578 | D:2      | Reached XP level 4. HP: 11/30 MP: 0/7
   950 | D:3      | Reached XP level 5. HP: 26/35 MP: 4/8
   951 | D:3      | Reached skill level 6 in Ice Magic
   957 | D:3      | Learned a level 4 spell: Summon Ice Beast
   963 | D:3      | Noticed Jessica
   967 | D:3      | Killed Jessica
  1019 | D:3      | Noticed Terence
  1025 | D:3      | Killed Terence
  1026 | D:3      | Reached skill level 1 in Summonings
  1050 | D:3      | Reached XP level 6. HP: 29/41 MP: 1/10
  1057 | D:3      | Reached skill level 3 in Spellcasting
  1087 | D:3      | Noticed Grinder
  1124 | D:3      | Killed Grinder
  1125 | D:3      | Reached skill level 3 in Summonings
  1125 | D:3      | Reached XP level 7. HP: 5/46 MP: 2/11
  1274 | D:4      | Reached skill level 7 in Ice Magic
  1328 | D:4      | Found a staircase to the Ecumenical Temple.
  1341 | D:4      | Reached skill level 4 in Summonings
  1346 | Temple   | Entered the Ecumenical Temple
  1373 | Temple   | Became a worshipper of Vehumet
  1436 | D:4      | Reached skill level 1 in Fighting
  1487 | D:4      | Reached skill level 2 in Fighting
  1487 | D:4      | Reached XP level 8. HP: 56/56 MP: 5/12
  1531 | D:4      | Found a burning altar of Makhleb.
  1812 | D:5      | Entered Level 5 of the Dungeon
  1822 | D:5      | Reached skill level 5 in Summonings
  1824 | D:5      | Reached * piety under Vehumet
  1824 | D:5      | Offered knowledge of Magic Dart by Vehumet.
  1841 | D:5      | Learned a level 4 spell: Hailstorm
  1869 | D:5      | Reached skill level 8 in Ice Magic
  1897 | D:5      | Noticed Ijyb
  1905 | D:5      | Killed Ijyb
  1912 | D:5      | You fall into a shaft and drop 3 floors!
  2040 | D:8      | Found a broken altar of Ashenzari.
  2044 | D:8      | Saw a vision of the Shoals and the Spider Nest.
  2044 | D:8      | Noticed a sea snake
  2044 | D:8      | Noticed a wolf spider
  2044 | D:8      | Noticed a wolf spider
  2044 | D:8      | Noticed a sea snake
  2046 | D:8      | Noticed a wind drake
  2046 | D:8      | Noticed a merfolk
  2047 | D:8      | Noticed a redback
  2077 | D:8      | Reached skill level 1 in Shields
  2195 | D:8      | Reached skill level 2 in Shields
  2195 | D:8      | Reached skill level 6 in Summonings
  2195 | D:8      | Reached XP level 9. HP: 17/61 MP: 7/13
  2234 | D:8      | Reached skill level 9 in Ice Magic
  2291 | D:8      | Offered knowledge of Searing Ray by Vehumet.
  2294 | D:8      | Reached ** piety under Vehumet
  2600 | D:7      | Reached skill level 10 in Ice Magic
  2612 | D:7      | Noticed a purple ugly thing
  2623 | D:7      | Killed a purple ugly thing
  2624 | D:7      | Reached skill level 1 in Conjurations
  2624 | D:7      | Reached skill level 1 in Evocations
  2625 | D:7      | Reached skill level 3 in Fighting
  2625 | D:7      | Reached skill level 2 in Evocations
  2681 | D:7      | Found Fekhuon's Gadget Boutique.
  2776 | D:7      | Reached skill level 2 in Conjurations
  2780 | D:7      | Found a flagged portal.
  2796 | Bailey   | Entered a bailey
  2811 | Bailey   | Identified the ring "Pounuobint" {rElec rF+ Dex+4}
  2829 | Bailey   | Offered knowledge of Static Discharge by Vehumet.
  2844 | Bailey   | Reached skill level 4 in Spellcasting
  2864 | Bailey   | Reached XP level 10. HP: 38/70 MP: 7/16
  2898 | Bailey   | Reached *** piety under Vehumet
  2911 | Bailey   | Reached skill level 3 in Evocations
  2962 | Bailey   | Reached skill level 4 in Fighting
  2965 | Bailey   | Reached skill level 3 in Conjurations
  2965 | Bailey   | Reached skill level 4 in Evocations
  3065 | D:7      | Reached skill level 5 in Spellcasting
  3065 | D:7      | Identified a scroll of acquirement
  3275 | D:5      | Found a transporter.
  3275 | D:5      | Noticed Blork the orc
  3282 | D:5      | Killed Blork the orc
  3283 | D:5      | Found a transporter.
  3287 | D:5      | Noticed lasso's ghost (novice OpCj)
  3292 | D:5      | Reached skill level 4 in Conjurations
  3305 | D:5      | Offered knowledge of Iskenderun's Mystic Blast by Vehumet.
  3327 | D:5      | Killed lasso's ghost
  3402 | D:5      | Found a runed translucent door.
  3402 | D:5      | Noticed Crazy Yiuf
  3439 | D:6      | Reached skill level 6 in Spellcasting
  3532 | D:6      | Reached skill level 2 in Dodging
  3664 | D:6      | Found a sand-covered staircase.
  3673 | Ossuary  | Entered an ossuary
  3682 | Ossuary  | Reached **** piety under Vehumet
  3717 | Ossuary  | Reached skill level 1 in Armour
  3843 | D:9      | Offered knowledge of Ignite Poison by Vehumet.
  4024 | D:10     | Entered Level 10 of the Dungeon
  4071 | D:10     | Reached skill level 2 in Armour
  4165 | D:10     | Noticed a green ugly thing
  4199 | D:10     | Killed a green ugly thing
  4200 | D:10     | Reached skill level 3 in Dodging
  4200 | D:10     | Reached XP level 11. HP: 41/78 MP: 4/20
  4384 | D:9      | Reached skill level 5 in Fighting
  4473 | D:9      | Learned a level 1 spell: Apportation
  4498 | D:10     | Reached ***** piety under Vehumet
  4547 | D:10     | Offered knowledge of Sticky Flame by Vehumet.
  4550 | D:10     | Reached skill level 3 in Armour
  4615 | D:11     | Reached skill level 1 in Translocations
  4617 | D:11     | Noticed a cyclops
  4617 | D:11     | Noticed a purple ugly thing
  4634 | D:11     | Killed a purple ugly thing
  4635 | D:11     | Reached skill level 2 in Translocations
  4635 | D:11     | Hit by a large rock thrown by a cyclops

Illustrated notes

Levels and vault maps discovered:
D:1:      onia_arrival_handbag, layout_basic
D:2:      layout_basic, minmay_tetromino_s2
D:3:      layout_basic, uniq_jessica, uniq_terence, uniq_grinder
D:4:      layout_loops_ring, minmay_temple_entry_nine_rooms,
          makhleb_heckhound_becter
D:5:      layout_rooms, chequers_temple_overflow_statue_of_worship,
          gammafunk_ghost_arena, uniq_blork_the_orc, uniq_ijyb,
          uniq_crazy_yiuf_cottage
D:6:      layout_basic, enter_ossuary_3, tso_altar
D:7:      cheibrodos_barr_body, layout_layer_cave, serial_shops, shop,
          enter_bailey_5
D:8:      layout_basic, grunt_ashenzari_visionary
          [grunt_ashenzari_visionary_shoals, grunt_ashenzari_visionary_spider]
D:9:      layout_basic
D:10:     layout_rooms, fountainhead
D:11:     layout_basic, dpeg_oklobed_lair, minivault_12, uniq_grum, uniq_psyche
Temple:   regret_index_temple_chain_breaker

Skill      XL: |  1  2  3  4  5  6  7  8  9 10 11 |
---------------+----------------------------------+-----
Ice Magic      | 5 6 7 8 10 | 10.3
Summonings     | 1 3 4 6 |  6.0
Spellcasting   | 3 4 6 |  6.9
Fighting       | 2 3 4 5 |  5.4
Shields        | 2 |  2.4
Conjurations   | 2 4 |  4.0
Evocations     | 2 4 |  4.0
Dodging        | 3 |  3.5
Armour         | 2 3 |  3.5
Translocations | 2 |  2.1
Stealth        | |  2.4

Action                   |  1- 3 |  4- 6 |  7- 9 | 10-12 || total
-------------------------+-------+-------+-------+-------++-------
Melee: Unarmed           |    13 |       |       |       ||    13
       Dagger            |       |    41 |   120 |    10 ||   171
       Battleaxe         |       |       |       |    78 ||    78
Throw: Dart              |       |       |    27 |       ||    27
 Cast: Freeze            |    38 |    22 |     4 |       ||    64
       Frozen Ramparts   |     2 |     9 |    32 |    16 ||    59
       Summon Ice Beast  |       |       |    15 |    36 ||    51
       Hailstorm         |       |       |     5 |    27 ||    32
       Apportation       |       |       |       |     2 ||     2
 Abil: Dig               |    25 |    24 |    98 |    87 ||   234
Evoke: Wand              |       |       |       |    12 ||    12
  Use: Scroll            |     1 |     3 |     8 |     6 ||    18
       Potion            |       |     2 |     3 |     3 ||     8
 Stab: Distracted        |       |       |     1 |       ||     1
Armor: Robe              |    12 |    14 |    28 |    66 ||   120
Dodge: Dodged            |    31 |    33 |   124 |   146 ||   334
       Repelled          |       |       |     4 |       ||     4
Block: Buckler           |       |     2 |    24 |    41 ||    67
